 Dungeon Crawl Stone Soup version 0.30.0 (webtiles) character file.

Game seed: 17403856851571298660

25 Kuronicle the Trooper (level 2, -1/24 HPs)
             Began as a Demonspawn Berserker on May 6, 2023.
             Was a Follower of Trog.
             Slain by a jackal (3 damage)
             ... on level 1 of the Dungeon.
             The game lasted 00:01:43 (385 turns).

Kuronicle the Trooper (Demonspawn Berserker)         Turns: 385, Time: 00:01:43

Health: -1/24      AC:  2    Str: 23    XL:     2   Next: 82%
Magic:  2/2        EV: 12    Int:  8    God:    Trog [*.....]
Gold:   11         SH:  0    Dex: 12    Spells: 1/1 levels left

rFire   . .          .
                       - Unarmed
rCold   . . .        (no shield)
rNeg    . . .        a - +0 animal skin
rPois   .            (no helmet)
rElec   .            (no cloak)
rCorr   .            (no gloves)
SInv    .            (no boots)
Will    .....        (no amulet)
Stlth   +            f - +6 ring of strength
HPRegen 0.24/turn    (no ring)
MPRegen 0.16/turn

%: no passive effects
@: brilliant
A: magic regeneration
a: Renounce Religion, Berserk


You were on level 1 of the Dungeon.
You worshipped Trog.
Trog was aware of your devotion.
You visited 1 branch of the dungeon, and saw 1 of its levels.

You collected 11 gold pieces.

Inventory:

Armour
 a - a +0 animal skin (worn)
 g - a +0 leather armour
Jewellery
 f - a +6 ring of strength (left hand)
Scrolls
 b - 2 scrolls of poison {unknown}
 c - a scroll of teleportation {unknown}
 e - a scroll of amnesia {unknown}
Potions
 d - a potion of brilliance


   Skills:
 + Level 3.3 Fighting
 - Level 2.1 Armour
 - Level 2.1 Dodging
 + Level 3.0 Unarmed Combat


You had one spell level left.
You didn't know any spells.
Your spell library was empty.

Dungeon Overview and Level Annotations

Branches:
Dungeon (1/15)

Altars:


Innate Abilities, Weirdness & Mutations

You regenerate magic rapidly.


Message History

Trog accepts your kill. The jackal misses you. The rat closely misses you.
You hit the jackal but do no damage. The jackal bites you. The rat bites you.
You barely miss the jackal. The jackal misses you.
The jackal barely misses you. The rat barely misses you.
You hit the jackal.
The jackal is heavily wounded.
The jackal bites you.
You closely miss the jackal.
The jackal is heavily wounded.
The rat bites you. The jackal barely misses you.
You barely miss the jackal.
The jackal is heavily wounded.
The jackal bites you. The rat bites you but does no damage.
The jackal bites you.
You hit the jackal.
The jackal is almost dead.
The rat closely misses you. The jackal barely misses you.
You hit the jackal.
You kill the jackal!
Trog accepts your kill. The rat bites you. The rat misses you.
You see here a jackal corpse.
The rat attacks as you move away! The rat closely misses you.
The rat attacks as you move away! The rat bites you.
* * * LOW HITPOINT WARNING * * *
You closely miss the rat. The rat barely misses you.
You barely miss the rat. The rat closely misses you.
You hit the rat.
You kill the rat!
Trog accepts your kill. The jackal bites you.
* * * LOW HITPOINT WARNING * * *
You miss the jackal. The jackal bites you.
* * * LOW HITPOINT WARNING * * *
It was a potion of brilliance.
You feel clever all of a sudden. The jackal bites you.
You die...

... #.#..........####
...##.####.##.......#
....).####.##....##.#
..(.S.....†)†.)>....#
...#######.####^......
##. #....# #.####.# ##
#..#######... #.
#..+#...##.#...
#.##.....#@#..#
#.##..<(.#h#..#
#.##.....#†#..#.#
#.#'#...##.†....#
#...#####..#..###
#.........##.....
##.##....## ....#
#..##.#### ###.#
##.###.## #


You could see a jackal.

Vanquished Creatures
  A dart slug (D:1)
  5 ball pythons (D:1)
  An endoplasm (D:1)
  A giant cockroach (D:1)
  A goblin (D:1)
  3 jackals (D:1)
  2 bats (D:1)
  6 kobolds (D:1)
  2 rats (D:1)
22 creatures vanquished.

Notes
Turn   | Place    | Note
-------+----------+-------------------------------------------
     0 | D:1      | Kuronicle the Demonspawn Berserker began the quest for the
                  | Orb.
     0 | D:1      | Reached XP level 1. HP: 18/18 MP: 1/1
   125 | D:1      | Gained mutation: You regenerate magic rapidly. [demonic
                  | ancestry]
   125 | D:1      | Reached XP level 2. HP: 17/24 MP: 2/2
   385 | D:1      | Slain by a jackal

Illustrated notes

Levels and vault maps discovered:
D:1:      noname_arrival_rooms_in_the_neighbourhood, layout_basic,
          hellmonk_ecumenical_altar_inner_sanctum

Skill      XL: |  1  2 |
---------------+-------+-----
Armour         | 2 |  2.1
Dodging        | 2 |  2.1
Unarmed Combat | 3 |  3.0
Fighting       | |  3.3

Action                     || total
---------------------------++-------
  Melee: Unarmed           ||    70
         Punch             ||     3
    Use: Potion            ||     1
 Armour: Animal skin       ||    14
  Dodge: Dodged            ||    72
